 Dungeon Crawl Stone Soup version 0.26-a0-778-g3fe0686644 (webtiles) character file.

Game seed: 13838781223535379330

24839 strifetoe the Evangelist (level 13, -2/177 HPs)
             Began as a Hill Orc Fighter on Nov 11, 2020.
             Was an Elder of Beogh.
             Slain by a redback (8 damage)
             ... in a Gauntlet.
             The game lasted 00:23:06 (18917 turns).

strifetoe the Evangelist (Hill Orc Fighter)        Turns: 18917, Time: 00:23:07

Health: -2/177     AC: 25    Str: 24    XL:     13   Next: 15%
Magic:  25/25      EV:  9    Int:  8    God:    Beogh [****..]
Gold:   935        SH:  9    Dex: 10    Spells: 12/12 levels left

rFire    . . .     SeeInvis .   b - +1 morningstar (protect)
rCold    . . .     Faith    .   c - +0 kite shield
rNeg     + . .     Spirit   .   A - +1 plate armour {rPois}
rPois    +         Reflect  .   B - +2 helmet
rElec    .         Harm     .   (no cloak)
rCorr    .         Rampage  .   (no gloves)
MR       .....     NoTele   +   (no boots)
Stlth    ..........             (no amulet)
HPRegen  0.39/turn              F - ring of positive energy
MPRegen  0.19/turn              m - +4 ring of evasion

@: mighty, berserking, lethally poisoned (-2 -> -27), protection aura, hasted,
very quick
A: no striking features
a: Smiting, Recall Orcish Followers, Renounce Religion


You were in a Gauntlet.
You worshipped Beogh.
Beogh was greatly pleased with you.
You visited 2 branches of the dungeon, and saw 15 of its levels.
You also visited: Gauntlet.

You collected 935 gold pieces.

Inventory:

Hand Weapons
 a - a +2 hand axe of venom
 b - a +1 morningstar of protection (weapon)
 l - a +0 war axe
 E - a +5 giant spiked club
Armour
 c - a +0 kite shield (worn)
 A - a +1 plate armour of poison resistance (worn)
 B - a +2 helmet (worn)
Jewellery
 k - an uncursed ring of protection from magic
 m - a +4 ring of evasion (right hand)
 r - an uncursed ring of wizardry
 w - an uncursed ring of positive energy
 y - an uncursed ring of see invisible
 C - an uncursed ring of fire
 F - a ring of positive energy (left hand)
 J - an uncursed ring of stealth
 K - an uncursed amulet of reflection {unknown}
Wands
 g - a wand of flame (22)
 u - a wand of digging (19)
 G - a wand of random effects (2)
Scrolls
 e - 3 scrolls of enchant weapon
 j - 2 scrolls of blinking
 n - 8 scrolls of teleportation
 o - 2 scrolls of identify
 p - 4 scrolls of enchant armour
 q - a scroll of acquirement {unknown}
 v - 8 scrolls of remove curse
 H - a scroll of fear
 M - a scroll of amnesia
Potions
 d - 3 potions of resistance
 f - 2 potions of curing
 h - a potion of haste
 i - 4 potions of attraction
 s - 2 potions of ambrosia
 t - 2 potions of heal wounds
 x - 3 potions of flight
 z - 5 potions of brilliance
 I - a potion of mutation {unknown}
 L - a potion of magic {unknown}
 N - a potion of invisibility


   Skills:
 + Level 12.1 Fighting
 - Level 15.1 Axes
 + Level 9.2 Armour
 - Level 3.2 Shields
 + Level 16.3 Invocations


You had 12 spell levels left.
You didn't know any spells.
Your spell library contained the following spells:

 Spells                   Type           Power        Failure   Level
 Animate Skeleton         Necr           #.....       100%        1
 Corona                   Hex            #......      100%        1
 Pain                     Necr           #...         100%        1
 Ensorcelled Hibernation  Hex/Ice        #.....       100%        2
 Confusing Touch          Hex            #.......     100%        3
 Dazzling Flash           Conj/Hex       #.....       100%        3
 Gell's Gravitas          Tloc           #.........   100%        3
 Tukima's Dance           Hex            #.......     100%        3
 Vampiric Draining        Necr           #.........   100%        3
 Animate Dead             Necr           #.........   100%        4
 Petrify                  Tmut/Erth      #.......     100%        4
 Agony                    Necr           #.......     100%        5
 Metabolic Englaciation   Hex/Ice        #.........   100%        5
 Yara's Violent Unravell  Hex/Tmut       #.........   100%        5


Dungeon Overview and Level Annotations

Branches:
Dungeon (14/15)            Temple (0/1) D:5            Lair (1/6) D:10
    Orc (0/2) D:9          Vaults (0/5) D:13        Gauntlet (1/1)

Altars:
Cheibriados
Dithmenos
Elyvilon
Fedhas
Gozag
Kikubaaqudgha
Nemelex Xobeh
Okawaru
Qazlal
Ru
Sif Muna
Vehumet
Xom
Yredelemnul
Zin

Shops:
D:8 }   D:10 !

Annotations:
Gauntlet 9 transporters, 20 runed translucent doors


Message History

You impale the moth of wrath!!
The moth of wrath is heavily wounded.
* * * LOW HITPOINT WARNING * * *
You feel sick.
The redback bites you but does no damage.
The moth of wrath barely misses you.
The redback bites you but does no damage.
You hit the moth of wrath.
The moth of wrath is heavily wounded.
* * * LOW HITPOINT WARNING * * *
You feel sick. You block the redback's attack. The redback bites you!
* * * LOW HITPOINT WARNING * * *
The moth of wrath barely misses you.
You puncture the moth of wrath!
The moth of wrath is almost dead.
* * * LOW HITPOINT WARNING * * *
You feel sick.
The redback bites you but does no damage.
The redback bites you!
You die...

#..#333......#...#.≈...≈≈.
###..###########...#########
#8#.....#.©.#....≈....#.©.#.
###...8.#...#...≈8≈...#...#.
#.....#.©.#....≈....#.©.#.
###..###########...#########
#8#..##.!.©|".##...#254=©?..
###..#.#....s#.#...#5.......
#..#..#..@#..#...#..#+++#.
###..#...#y#s..#...#++#...#+
#8#..#....#....#...#..+...+.
###..#...#s#...#...#..+...+.
#..#..#...#..#...#++#+#+#+
###..#.#.....#.#...#..+...+.
#8#..##.......##...#..+.©.+.
###..###########...#########
#.....#.©.#....≈....#.©.#.


You could see a moth of wrath and 2 redbacks.

Vanquished Creatures
  Erolcha (D:10)
  A centaur warrior (D:12)
  A skeletal warrior (D:11)
  2 unseen horrors
  A cyclops (D:12)
  An elephant (D:10)
  The ghost of Moral the Chiller, a novice NaIE (D:4)
  3 gargoyles (D:9)
  Maggie (D:7)
  A freezing wraith (D:12)
  2 centaur skeletons
  4 trolls
  3 meliai (D:12)
  A hornet (D:12)
  2 redbacks (Gauntlet)
  15 yaks
  3 wyverns
  A vampire (D:12)
  A water elemental (D:10)
  A wraith (D:11)
  A basilisk (D:10)
  A neqoxec (Gauntlet)
  Menkaure (D:7)
  A chaos spawn (Gauntlet)
  A soldier ant (D:14)
  2 water moccasins
  A hornet zombie (D:8)
  2 sky beasts
  3 orc warriors
  A black bear (D:8)
  3 ice beasts
  8 ogres
  4 necrophages
  A phantom (D:9)
  An eye of draining (D:8)
  3 centaurs
  2 big kobolds
  8 bullfrogs
  A wyvern zombie (D:13)
  9 scorpions
  6 wights (D:7)
  3 howler monkeys
  2 bullfrog zombies
  A quasit (D:9)
  3 hounds
  2 jellies
  3 orc priests
  A bullfrog skeleton (D:11)
  8 orc wizards
  Jessica (D:3)
  5 iguanas
  3 worker ants
  A centaur simulacrum (D:4)
  3 hound skeletons
  A mummy (D:7)
  3 gnolls (D:8)
  11 adders
  A howler monkey skeleton (D:5)
  A shadow imp (D:8)
  2 white imps (D:4)
  A worker ant simulacrum (D:4)
  An ufetubus (D:9)
  2 oozes
  2 adder zombies
  An adder skeleton (D:2)
  A worm (D:2)
  4 dart slugs
  2 adder simulacra (D:4)
  2 leopard geckos
  45 orcs
  5 giant cockroaches
  6 hobgoblins
  20 jackals
  4 quokkas
  A ball python (D:4)
  3 bats
  3 frilled lizards
  6 goblins
  10 kobolds
  A leopard gecko simulacrum (D:4)
  10 rats
291 creatures vanquished.

Vanquished Creatures (collateral kills)
  2 hydras (D:11)
  2 dancing weapons (D:12)
  2 two-headed ogres
  5 skeletal warriors
  3 ugly things (D:11)
  A centaur zombie (D:10)
  3 cyclopes
  A gargoyle (D:9)
  2 kobold demonologists
  3 water elementals (D:10)
  A shadow (D:12)
  A wraith (D:12)
  9 yaks
  An acid dragon (D:11)
  A water moccasin (D:13)
  2 black bears
  An orc warrior (D:13)
  2 centaurs
  A big kobold (D:10)
  3 bullfrogs
  A scorpion (D:12)
  A howler monkey (D:12)
  A quasit (D:11)
  A jelly (D:11)
  An orc priest (D:12)
  A hound (D:9)
  A centaur skeleton (D:10)
  An iguana (D:13)
  5 orc wizards
  An adder (D:10)
  A white imp (D:9)
  A leopard gecko (D:10)
  2 orcs
  4 kobolds (D:10)
68 creatures vanquished.

Vanquished Creatures (others)
  A centaur warrior (D:13)
  2 orc warriors
  3 orc wizards
  10 orcs
  A quokka (D:8)
  3 withered plants (D:7)
20 creatures vanquished.

Grand Total: 379 creatures vanquished

Notes
Turn   | Place    | Note
-------+----------+-------------------------------------------
     0 | D:1      | strifetoe the Hill Orc Fighter began the quest for the Orb.
     0 | D:1      | Reached XP level 1. HP: 19/19 MP: 1/1
   178 | D:2      | Reached XP level 2. HP: 23/26 MP: 2/2
   553 | D:3      | Reached XP level 3. HP: 31/31 MP: 3/3
   726 | D:4      | Noticed Moral's ghost (novice NaIE)
   726 | D:4      | Noticed an ice beast
   728 | D:4      | Noticed an orc warrior
   741 | D:4      | Reached skill level 5 in Axes
   742 | D:4      | Killed an orc warrior
   742 | D:4      | Reached XP level 4. HP: 12/39 MP: 4/4
   742 | D:4      | Reached XP level 5. HP: 14/45 MP: 5/5
   999 | D:4      | Noticed an ogre
  1008 | D:4      | Killed an ogre
  1008 | D:4      | Reached XP level 6. HP: 18/51 MP: 6/6
  1331 | D:3      | Noticed Jessica
  1340 | D:5      | Entered Level 5 of the Dungeon
  1678 | D:6      | Reached XP level 7. HP: 52/57 MP: 7/7
  1714 | D:6      | Reached skill level 10 in Axes
  1724 | D:6      | Found a shadowy altar of Dithmenos.
  1734 | D:6      | Found a blossoming altar of Fedhas.
  1973 | D:6      | Found a basalt altar of Yredelemnul.
  2103 | D:7      | Noticed Menkaure
  2309 | D:7      | Reached XP level 8. HP: 55/62 MP: 8/8
  2568 | D:7      | Killed Menkaure
  3220 | D:7      | Found a basalt altar of Yredelemnul.
  3229 | D:7      | Noticed Maggie
  3252 | D:7      | Killed Maggie
  3252 | D:7      | Reached XP level 9. HP: 35/70 MP: 9/9
  4049 | D:8      | Reached skill level 15 in Axes
  4057 | D:8      | Became a worshipper of Beogh the Brigand
  4185 | D:3      | Killed Jessica
  4338 | D:3      | Found an opulent altar of Gozag.
  4339 | D:3      | Found an iron altar of Okawaru.
  4415 | D:3      | Reached skill level 1 in Invocations
  4532 | D:2      | Found a shimmering altar of Xom.
  4632 | D:2      | Found a snail-covered altar of Cheibriados.
  4709 | D:2      | Found a shimmering blue altar of Sif Muna.
  4709 | D:2      | Found a sacrificial altar of Ru.
  4739 | D:2      | Found a stormy altar of Qazlal.
  4770 | D:2      | Found a white marble altar of Elyvilon.
  4889 | D:2      | Found an ancient bone altar of Kikubaaqudgha.
  5100 | D:2      | Found a faded altar of an unknown god.
  5274 | D:1      | Reached * piety under Beogh
  6007 | D:4      | Reached skill level 2 in Invocations
  6061 | D:4      | Found a runed translucent gate.
  6061 | D:4      | Found a runed translucent gate.
  6061 | D:4      | Found a runed translucent gate.
  6452 | D:4      | Killed Moral's ghost
  6452 | D:4      | Reached skill level 5 in Fighting
  6452 | D:4      | Reached skill level 4 in Invocations
  6611 | D:5      | Reached skill level 5 in Invocations
  6816 | D:5      | Found a sparkling altar of Nemelex Xobeh.
  6830 | D:5      | Reached ** piety under Beogh
  6909 | D:5      | Found a radiant altar of Vehumet.
  7077 | D:5      | Found a staircase to the Ecumenical Temple.
  7456 | D:6      | Found a glowing silver altar of Zin.
  7528 | D:7      | Reached XP level 10. HP: 76/84 MP: 14/14
  7959 | D:8      | Found Dekh's Gadget Shoppe.
  7969 | D:8      | Reached skill level 6 in Invocations
  8286 | D:8      | Reached skill level 7 in Invocations
  9179 | D:9      | Reached skill level 8 in Invocations
  9187 | D:9      | Reached *** piety under Beogh
  9367 | D:9      | Found a staircase to the Orcish Mines.
  9485 | D:9      | Reached skill level 9 in Invocations
  9653 | D:9      | Noticed a gargoyle
  9675 | D:9      | Killed a gargoyle
 10041 | D:9      | Noticed a gargoyle
 10050 | D:9      | Killed a gargoyle
 10050 | D:9      | Reached skill level 10 in Invocations
 10060 | D:9      | Noticed a gargoyle
 10069 | D:9      | Killed a gargoyle
 10243 | D:9      | Noticed a gargoyle
 10250 | D:9      | Killed a gargoyle
 10250 | D:9      | Reached skill level 11 in Invocations
 10582 | D:10     | Entered Level 10 of the Dungeon
 10593 | D:10     | Reached XP level 11. HP: 94/94 MP: 19/19
 10602 | D:10     | Found a staircase to the Lair.
 10621 | D:10     | Reached skill level 12 in Invocations
 10729 | D:10     | Gained Borgun as an ally
 11073 | D:10     | Noticed Erolcha
 11077 | D:10     | Killed Erolcha
 11077 | D:10     | Reached skill level 13 in Invocations
 11082 | D:10     | Noticed a two-headed ogre
 11093 | D:10     | Killed a two-headed ogre
 11188 | D:10     | Found Dusuket's Distillery.
 11382 | D:10     | Reached **** piety under Beogh
 11387 | D:10     | Reached skill level 14 in Invocations
 11818 | D:11     | Noticed a cyclops
 11821 | D:11     | Killed a cyclops
 11943 | D:11     | Noticed a four-headed hydra
 11953 | D:11     | Killed a four-headed hydra
 12200 | D:11     | Noticed an unseen horror
 12207 | D:11     | Killed an unseen horror
 12237 | D:11     | Noticed a five-headed hydra
 12245 | D:11     | Killed a five-headed hydra
 12245 | D:11     | Reached skill level 5 in Armour
 12389 | D:11     | Gained Boderik as an ally
 12872 | D:11     | Noticed a red ugly thing
 12882 | D:11     | HP: 4/97 [red ugly thing (12)]
 12886 | D:11     | Killed a red ugly thing
 13241 | D:11     | You fall into a shaft and drop 3 floors!
 13318 | D:13     | Noticed a cyclops
 13327 | D:13     | Noticed an unseen horror
 13416 | D:12     | Noticed a two-headed ogre
 13430 | D:12     | Noticed a cyclops
 13441 | D:11     | Killed a two-headed ogre
 13800 | D:11     | Killed a cyclops
 13817 | D:12     | Noticed a green ugly thing
 13836 | D:11     | Killed a green ugly thing
 13836 | D:11     | Reached XP level 12. HP: 93/105 MP: 22/22
 14427 | D:11     | Reached skill level 10 in Fighting
 14724 | D:12     | Noticed a sun demon
 14940 | D:12     | Reached skill level 15 in Invocations
 15477 | D:12     | You fall into a shaft and drop 2 floors!
 16488 | D:13     | Noticed a centaur warrior
 16920 | D:12     | Killed a centaur warrior
 17336 | D:12     | Reached skill level 16 in Invocations
 17431 | D:12     | Reached XP level 13. HP: 56/117 MP: 25/25
 18060 | D:13     | Found a gate to the Vaults.
 18566 | Lair:1   | Entered Level 1 of the Lair of Beasts
 18603 | Lair:1   | Found a gate leading to a gauntlet.
 18612 | Gauntlet | Entered a Gauntlet
 18612 | Gauntlet | Found a transporter.
 18612 | Gauntlet | Found a transporter.
 18720 | Gauntlet | Found a transporter.
 18722 | Gauntlet | Found a transporter.
 18722 | Gauntlet | Found a large runed translucent door.
 18723 | Gauntlet | Found a large runed translucent door.
 18724 | Gauntlet | Found a large runed translucent door.
 18724 | Gauntlet | Found a large runed translucent door.
 18724 | Gauntlet | Found a runed translucent door.
 18725 | Gauntlet | Found a large runed translucent door.
 18726 | Gauntlet | Found a large runed translucent door.
 18727 | Gauntlet | Found a large runed translucent door.
 18727 | Gauntlet | Found a large runed translucent door.
 18732 | Gauntlet | Found a transporter.
 18732 | Gauntlet | Found a transporter.
 18732 | Gauntlet | Found a runed translucent gate.
 18732 | Gauntlet | Found a runed translucent gate.
 18733 | Gauntlet | Found a runed translucent door.
 18734 | Gauntlet | Found a large runed translucent door.
 18734 | Gauntlet | Found a large runed translucent door.
 18734 | Gauntlet | Found a large runed translucent door.
 18734 | Gauntlet | Found a large runed translucent door.
 18735 | Gauntlet | Found a large runed translucent door.
 18736 | Gauntlet | Found a large runed translucent door.
 18737 | Gauntlet | Found a large runed translucent door.
 18739 | Gauntlet | Found a runed translucent gate.
 18741 | Gauntlet | Found a transporter.
 18742 | Gauntlet | Found a transporter.
 18742 | Gauntlet | Noticed a reaper
 18745 | Gauntlet | Found a transporter.
 18748 | Gauntlet | Found a transporter.
 18763 | Gauntlet | Found a transporter.
 18764 | Gauntlet | Found a transporter.
 18916 | Gauntlet | HP: 8/177 [redback (8)]
 18917 | Gauntlet | Slain by a redback

Illustrated notes

Levels and vault maps discovered:
D:1:      scummos_arrival_gate, layout_basic, hangedman_decor_lopped, tso_altar
D:2:      layout_basic, grunt_qazlal_clouds, old_standard_altar,
          kennysheep_slug_shrine, lemuel_round_altar,
          chequers_temple_overflow_statue_of_worship,
          chequers_ecumenical_altar_simple, elyvilon_altar_5
D:3:      layout_rooms, lemuel_doored_altar,
          nicolae_gozag_cash_rules_everything_around_me, uniq_jessica
D:4:      layout_basic, gammafunk_ghost_icy, mrwooster_statue_mirror
D:5:      layout_loops_ring, nicolae_overflow_crystal_walls, temple_statues,
          hangedman_decor_points, vehumet_altar_wand_db
D:6:      layout_cave_pools, zin_academy, fedhas_altar_3, basic_altar,
          minmay_curled_crystal, yredelemnul_altar_generic
D:7:      layout_layer_cave, lemuel_round_altar, serial_undead, serial_undead_b,
          serial_undead_a, serial_undead_e, serial_undead_d, serial_undead_e,
          uniq_maggie, uniq_menkaure
D:8:      layout_basic, serial_shops, nicolae_shop_crystal
D:9:      cheibrodos_statue_roulette, layout_gridville, hiddenorc1_lemuel
D:10:     layout_cave_pools, david_lair_generic, serial_shops, shop_statue,
          minmay_variable_closet, nicolae_underground_beach, uniq_erolcha
D:11:     layout_long_grid, minmay_misc_feat_roman
D:12:     layout_basic
D:13:     layout_roguey, erik_vaults_1, serial_rivers,
          chequers_serial_rivers_small_3, chequers_serial_rivers_marsh,
          chequers_serial_rivers_micro_b, chequers_serial_rivers_micro_a,
          chequers_serial_rivers_marsh, lemuel_blue_sif_altar
D:14:     layout_irregular_city, serial_column_ruins, column_ruins_grid_1,
          column_ruins_open_medium, column_ruins_columns_plus,
          column_ruins_open_small, column_ruins_columns_corner,
          column_ruins_open_medium, chequers_big_river
Lair:1:   layout_gridlike, gauntlet_entry_generic, serial_bayou_pond_e,
          hangedman_lair_unloving_vines, beast_lair_carwin_2
Gauntlet: gammafunk_gauntlet_hard_choice [gammafunk_gauntlet_arena_grid,
          nicolae_gauntlet_arena_grate_2,
          minmay_gauntlet_arena_make_your_own_arena, nicolae_gauntlet_arena_x,
          nicolae_gauntlet_arena_flowing_pool, gammafunk_gauntlet_arena_teeth,
          gauntlet_exit_hidden_loot]

Skill      XL: |  1  2  3  4  5  6  7  8  9 10 11 12 13 |
---------------+----------------------------------------+-----
Axes           | 3 4 6 8 9 11 14 15 | 15.1
Invocations    | 5 11 14 16 | 16.3
Fighting       | 6 8 9 11 12 | 12.1
Armour         | 5 8 9 |  9.2
Shields        | |  3.2

Action                   |  1- 3 |  4- 6 |  7- 9 | 10-12 | 13-15 || total
-------------------------+-------+-------+-------+-------+-------++-------
Melee: War axe           |    53 |    59 |     3 |       |       ||   115
       Hand axe          |       |       |   356 |   333 |       ||   689
       Morningstar       |       |       |    37 |   365 |    95 ||   497
Invok: Convert to Beogh  |       |       |     1 |       |       ||     1
       Recall Orcish Fol |       |       |       |     4 |     1 ||     5
       Smiting           |       |       |       |     2 |       ||     2
Evoke: Wand              |       |       |       |    13 |       ||    13
  Use: Potion            |     1 |       |     5 |     1 |     4 ||    11
       Scroll            |       |       |     6 |    16 |     5 ||    27
 Stab: Distracted        |       |       |       |     3 |       ||     3
       Invisible         |       |       |       |       |     2 ||     2
Armor: Scale mail        |    27 |     1 |       |       |       ||    28
       Chain mail        |       |    21 |    13 |       |       ||    34
       Plate armour      |       |       |   110 |   375 |   103 ||   588
       Skin              |       |       |    18 |       |       ||    18
Dodge: Dodged            |    16 |    13 |    39 |   235 |    54 ||   357
Block: Kite shield       |    28 |    38 |   127 |   349 |    75 ||   617

Table legend: (Time is in decaauts)
 A = Elapsed time spent in this place.
 B = Non-inter-level travel time spent in this place.
 C = Inter-level travel time spent in this place.
 D = Time resting spent in this place.
 E = Time spent auto-exploring this place.
 F = Levels seen in this place.
 G = Mean time per level.
                   A        B        C        D        E       F      G
               +--------+--------+--------+--------+--------+-----+--------+
         Total |  18856 |  17966 |    890 |   6657 |   7931 |  16 | 1178.5 |
       Dungeon |  18507 |  17617 |    890 |   6553 |   7931 |  14 | 1321.9 |
          Lair |     48 |     48 |      0 |      0 |      0 |   1 |   48.0 |
      Gauntlet |    299 |    299 |      0 |    104 |      0 |   1 |  299.0 |
               +--------+--------+--------+--------+--------+-----+--------+

Top non-repeatable levels by time:
    D:12: 3021 daAuts
    D:11: 2386 daAuts
     D:7: 2247 daAuts
     D:9: 1733 daAuts
     D:4: 1256 daAuts
    D:10: 1251 daAuts
     D:5: 1085 daAuts
    D:13: 1035 daAuts
     D:8: 1012 daAuts
     D:3: 911 daAuts
     D:6: 854 daAuts
     D:1: 817 daAuts
     D:2: 728 daAuts
Gauntlet: 299 daAuts
    D:14: 166 daAuts
